 Dungeon Crawl Stone Soup version 0.30-b1-2-g02819fbbbe (webtiles) character file.

Game seed: 9789629595628646916

8 Alarkh the Trooper (level 2, 16/24 HPs)
             Began as a Demonspawn Chaos Knight on May 20, 2023.
             Was a Plaything of Xom.
             Got out of the dungeon alive.
             The game lasted 00:00:22 (162 turns).

Alarkh the Trooper (Demonspawn Chaos Knight)         Turns: 162, Time: 00:00:22

Health: 16/24      AC:  5    Str: 12    XL:     2   Next: 0%
Magic:  2/2        EV: 11    Int: 13    God:    Xom [..*...]
Gold:   10         SH:  0    Dex: 12    Spells: 1/1 levels left

rFire   . .          .
                       - Unarmed
rCold   . . .        (no shield)
rNeg    . . .        a - +2 leather armour
rPois   .            (helmet restricted)
rElec   .            (no cloak)
rCorr   .            (no gloves)
SInv    .            (no boots)
Will    .....        (no amulet)
Stlth   +            (no ring)
HPRegen 0.24/turn    (no ring)
MPRegen 0.08/turn

%: no passive effects
@: brilliant
A: antennae 1
a: Renounce Religion


You escaped.
You worshipped Xom.
You were a toy of Xom.
You visited 1 branch of the dungeon, and saw 1 of its levels.

You collected 10 gold pieces.

Inventory:

Armour
 a - a +2 leather armour (worn)
Potions
 c - a potion of brilliance {unknown}
Miscellaneous
 b - a piece from Xom's chessboard (15/15) (quivered)


   Skills:
 + Level 3.1 Fighting
 - Level 1.7 Armour
 - Level 0.8 Dodging
 * Level 3.1 Unarmed Combat


You had one spell level left.
You didn't know any spells.
Your spell library was empty.

Dungeon Overview and Level Annotations

Branches:
Dungeon (1/15)

Altars:


Innate Abilities, Weirdness & Mutations

You have a pair of small antennae on your head.


Message History

You hit the bat.
You kill the bat!
You hit the quokka but do no damage.
The quokka is almost dead.
The quokka completely misses you.
You closely miss the quokka.
The quokka is almost dead.
The endoplasm jiggles.
The quokka closely misses you.
You hit the quokka.
You kill the quokka!
Your Unarmed Combat skill increases to level 3!
You barely miss the endoplasm. The endoplasm hits you.
You hit the endoplasm.
The endoplasm is heavily wounded.
The endoplasm barely misses you.
You hit the endoplasm.
The endoplasm is almost dead.
The endoplasm hits you.
You barely miss the endoplasm.
The endoplasm is almost dead.
The endoplasm barely misses you.
You hit the endoplasm.
You kill the endoplasm!
You barely miss the kobold. The kobold barely misses you.
You hit the kobold.
You kill the kobold!
You have reached level 2!
You feel monstrous as your demonic heritage exerts itself.
Your demonic ancestry asserts itself...
A pair of antennae grows on your head!
Things that are here:
a +0 short sword; 2 stones You now have 10 gold pieces.
Found a scroll labelled ZAOMUD HYESMADD.
You open the door.
There is an open door here.
There is a staircase leading out of the dungeon here.
Are you sure you want to leave the Dungeon?
This will make you lose the game!
You have escaped!

.....)..................
##....##########'#####?#
......# ##PP#.#PP##
##....# ##P~~#.#P^P##
#....#####P~~~#.#..PP##
#....†..#P~~~~#.#....P#
#######.#P~~~~#.#..P.P#
#.#######.#######
#.'......@......+
#########.#######
#P....#.#~~~~P#
#P....#.#~~~~P#
##P...#.#~~~P##
##P.P#.#~~P##
##PP#.#PP## ####+####


There were no monsters in sight!

Vanquished Creatures
  2 bats (D:1)
  An endoplasm (D:1)
  A hobgoblin (D:1)
  A quokka (D:1)
  2 ball pythons (D:1)
  A kobold (D:1)
8 creatures vanquished.

Notes
Turn   | Place    | Note
-------+----------+-------------------------------------------
     0 | D:1      | Alarkh the Demonspawn Chaos Knight began the quest for the
                  | Orb.
     0 | D:1      | Reached XP level 1. HP: 18/18 MP: 1/1
    21 | D:1      | XOM: butterfly on damage
    58 | D:1      | XOM: divination: detect items
   131 | D:1      | XOM: potion effect (brilliance)
   144 | D:1      | Discovered your monstrous ancestry.
   144 | D:1      | Gained mutation: You have a pair of small antennae on your
                  | head. [demonic ancestry]
   144 | D:1      | Reached XP level 2. HP: 12/24 MP: 2/2
   162 | D:$      | Got out of the dungeon alive.

Illustrated notes

Levels and vault maps discovered:
D:1:      psy_arrival_terrarium, layout_basic

Skill      XL: |  1 |
---------------+----+-----
Unarmed Combat | 3 |  3.1
Fighting       | |  3.1
Armour         | |  1.7
Dodging        | |  0.8

Action                     || total
---------------------------++-------
  Melee: Unarmed           ||    35
    Use: Potion            ||     1
 Armour: Leather armour    ||    27
  Dodge: Dodged            ||    36
